 Dungeon Crawl Stone Soup version 0.20.1-1-g8b1a95d (webtiles) character file.

74 letownia2 the Grave Robber (level 4, -1/36 HPs)
             Began as a Deep Dwarf Necromancer on Nov 5, 2017.
             Slain by an iguana (3 damage)
             ... on level 3 of the Dungeon.
             The game lasted 00:04:45 (1626 turns).

letownia2 the Grave Robber (Deep Dwarf Necromancer) Turns: 1626, Time: 00:04:46

Health: -1/36      AC:  5    Str: 11    XL:     4   Next: 9%
Magic:  0/7        EV: 11    Int: 17    God:
Gold:   101        SH:  0    Dex: 13    Spells: 3/7 levels left

rFire    . . .     SeeInvis .   m - +0 dagger
rCold    . . .     Gourm    .   (no shield)
rNeg     . . .     Faith    .   i - +0 ring mail
rPois    .         Spirit   .   (no helmet)
rElec    .         Reflect  .   (no cloak)
rCorr    .         Harm     .   (no gloves)
MR       .....                  (no boots)
Stlth    +.........             (no amulet)
Regen    0.0/turn               (no ring)
MPRegen  0.1/turn               (no ring)

@: very slightly contaminated, non-regenerating
A: damage resistance, heal wounds, sense surroundings 1, no regeneration
a: Heal Wounds


You were on level 3 of the Dungeon.
You were not hungry.

You visited 1 branch of the dungeon, and saw 4 of its levels.

You collected 101 gold pieces.

Inventory:

Hand Weapons
 m - a +0 dagger (weapon)
 n - a +0 trident
Missiles
 g - 7 javelins of returning (quivered)
 o - 4 tomahawks of dispersal
Armour
 a - a +0 robe
 h - a +0 scale mail
 i - a +0 ring mail (worn)
Scrolls
 d - a scroll of enchant weapon {unknown}
 p - a scroll of identify {unknown}
Potions
 e - 4 potions of lignification {unknown}
 f - a potion of curing {unknown}
 j - 2 potions of haste {unknown}
 k - a potion of berserk rage {unknown}
Books
 b - a book of Necromancy

   Spells                             Type                      Level
   a - Pain                           Necromancy                   1
   b - Animate Skeleton               Necromancy                   1
   c - Vampiric Draining              Necromancy                   3
   d - Regeneration                   Charms/Necromancy            3
   e - Animate Dead                   Necromancy                   4
   f - Control Undead                 Necromancy                   4
Comestibles
 c - 2 bread rations
 l - a chunk of flesh


   Skills:
 - Level 2.1 Dodging
 - Level 2.4 Stealth
 - Level 2.1 Spellcasting
 + Level 5.9 Necromancy


You had 3 spell levels left.
You knew the following spells:

 Your Spells              Type           Power        Failure   Level  Hunger
a - Pain                  Necr           ###.         4%          1    #......
v - Vampiric Draining     Necr           ###.......   12%         3    ###....


Dungeon Overview and Level Annotations

Branches:
Dungeon (4/15)
 Temple: D:4-7

Altars:
Fedhas
Xom


Innate Abilities, Weirdness & Mutations

You are resistant to damage.
You can heal yourself by infusing magical energy.
You passively map a small area around you.
You do not regenerate.


Message History

Confirm with . or Enter, or press ? or * to list all spells.
Aiming: Pain
Press: ? - help, Shift-Dir - straight line, f/p - iguana
Aim: an iguana (severely wounded, chance to defeat MR: 87%)
The iguana barely resists.
The jackal barely misses you. The iguana bites you.
The jackal closely misses you. The jackal bites you.
* * * LOW HITPOINT WARNING * * *
Unknown command.
Unknown command.
Unknown command.
You hit the iguana.
The iguana is severely wounded.
The jackal barely misses you. The iguana misses you. The jackal bites you.
* * * LOW HITPOINT WARNING * * *
The jackal misses you.
Unknown command.
You hit the iguana but do no damage.
The iguana is severely wounded.
The jackal misses you. The iguana bites you.
You die...

##.....##
#8.....8#
#.....# ,
#8...8# *,
##.....##
,,#8[....8#
##.....##
*#8hlh8# *
*###@### ,
, #####
*#.K## ,,
..## * *
.### * *
..* , , ,
.. * * ,...
*,


You could see an iguana, 2 jackals and a kobold.

Vanquished Creatures
  An orc priest (D:4)
  An ooze (D:1)
  An adder skeleton (D:4)
  2 leopard geckos
  8 orcs
  A bat (D:1)
  A giant cockroach (D:1)
  2 goblins (D:1)
  3 jackals
  3 frilled lizards
  A jackal skeleton (D:4)
  A kobold (D:2)
  4 rats
29 creatures vanquished.

Notes
Turn   | Place    | Note
-------+----------+-------------------------------------------
     0 | D:1      | letownia2 the Deep Dwarf Necromancer began the quest for the Orb.
     0 | D:1      | Reached XP level 1. HP: 15/15 MP: 3/3
   427 | D:1      | Reached XP level 2. HP: 8/22 MP: 0/5
   664 | D:1      | Found a shimmering altar of Xom.
   736 | D:3      | Reached skill level 5 in Necromancy
   880 | D:3      | Reached XP level 3. HP: 8/28 MP: 3/6
   885 | D:3      | Learned a level 3 spell: Vampiric Draining
  1406 | D:4      | Reached XP level 4. HP: 25/36 MP: 0/7
  1582 | D:3      | Found a blossoming altar of Fedhas.
  1626 | D:3      | Slain by an iguana

Skill      XL: |  1  2 |
---------------+-------+-----
Spellcasting   | 2 |  2.1
Necromancy     | 5 |  5.9
Dodging        | |  2.1
Stealth        | |  2.4

Action                   |  1- 3 |  4- 6 || total
-------------------------+-------+-------++-------
Melee: Unarmed           |     1 |       ||     1
       Dagger            |    20 |    22 ||    42
 Cast: Pain              |    44 |     4 ||    48
       Vampiric Draining |     5 |     2 ||     7
 Stab: Sleeping          |     1 |       ||     1
  Eat: Chunk             |     2 |     2 ||     4
Armor: Robe              |     6 |       ||     6
       Ring mail         |    11 |    19 ||    30
Dodge: Dodged            |    44 |    39 ||    83
